| TOP OF THE 1ST |
|
Hickory Crawdads batting - Pitching for Burlington Bees : RHP Jon Trujillo
|
|
Pitching: RHP Jon Trujillo
|
|
|
Batting: RHB Roberto Rodriguez
|
0-0: Called Strike 0-1: Ball 1-1: Ball 2-1: Ball 3-1: Base on Balls
|
|
Batting: RHB Danny Murillo
|
0-0: Ball 1-0: Ball 2-0: DOUBLE (Groundball, 3L, EV 109.4 MPH) Roberto Rodriguez to third Runner from 3rd tries for Home, throw by RF and OUT! 9-4-2 Danny Murillo to third
|
|
Batting: LHB Alfonso Collazo
|
0-0: Ball 1-0: Ball 2-0: Called Strike 2-1: Foul Ball, location: 2F 2-2: Foul Ball, location: 2F 2-2: Ball 3-2: Base on Balls
|
|
Batting: RHB Mike Thornton
|
0-0: Called Strike 0-1: Grounds into double play, 6-4-3 (Groundball, 6, EV 94.4 MPH)
|
| Top of the 1st over - 0 runs, 1 hit, 0 errors, 1 left on base; Hickory 0 - Burlington 0 |
| BOTTOM OF THE 1ST |
|
Burlington Bees batting - Pitching for Hickory Crawdads : RHP Dan Dill
|
|
Pitching: RHP Dan Dill
|
|
|
Batting: RHB Ivan Barrientos
|
0-0: Ball 1-0: Ball 2-0: Fly out, F6 (Popup, 6M, EV 75.0 MPH)
|
|
Batting: LHB Pavla Markianov
|
0-0: Ball 1-0: Fly out, F8 (Flyball, 8RXD, EV 89.4 MPH)
|
|
Batting: LHB Ramon Garduno
|
0-0: Ball 1-0: Foul Ball, location: 2F 1-1: Ball 2-1: Foul Ball, location: 2F 2-2: Strikes out looking
|
| Bottom of the 1st over - 0 runs, 0 hits, 0 errors, 0 left on base; Hickory 0 - Burlington 0 |
| TOP OF THE 2ND |
|
Hickory Crawdads batting - Pitching for Burlington Bees : RHP Jon Trujillo
|
|
Batting: RHB Dermott Neill
|
0-0: Foul Ball, location: 2F 0-1: Ball 1-1: Ball 2-1: Called Strike 2-2: Ground out 1-3 (Groundball, 13S, EV 65.0 MPH)
|
|
Batting: RHB Aaron Graham
|
0-0: Ball 1-0: Called Strike 1-1: Ball 2-1: Ball 3-1: SINGLE (Line Drive, 89S, EV 95.0 MPH)
|
|
Batting: RHB Jose Pineda
|
Pickoff Throw to First - Out! 1-3 0-0: Ball 1-0: Ball 2-0: Ball 3-0: Called Strike 3-1: Foul Ball, location: 2F 3-2: Strikes out swinging
|
| Top of the 2nd over - 0 runs, 1 hit, 0 errors, 0 left on base; Hickory 0 - Burlington 0 |
| BOTTOM OF THE 2ND |
|
Burlington Bees batting - Pitching for Hickory Crawdads : RHP Dan Dill
|
|
Batting: SHB Danny Gelinas
|
0-0: Fly out, F9 (Line Drive, 9, EV 91.2 MPH)
|
|
Batting: RHB Peter Westover
|
0-0: Foul Ball, location: 2F 0-1: Ball 1-1: Ball 2-1: Swinging Strike 2-2: Strikes out swinging
|
|
Batting: RHB Rory Cobb
|
0-0: Called Strike 0-1: Called Strike 0-2: Strikes out swinging
|
| Bottom of the 2nd over - 0 runs, 0 hits, 0 errors, 0 left on base; Hickory 0 - Burlington 0 |
| TOP OF THE 3RD |
|
Hickory Crawdads batting - Pitching for Burlington Bees : RHP Jon Trujillo
|
|
Batting: RHB Eduardo Chavez
|
0-0: Ground out 5-3 (Groundball, 56S, EV 95.0 MPH)
|
|
Batting: RHB Edwin Soto
|
0-0: Ball 1-0: Ball 2-0: Foul Ball, location: 2F 2-1: Ball 3-1: Ground out 5-3 (Groundball, 56, EV 84.4 MPH)
|
|
Batting: RHB Roberto Rodriguez
|
0-0: Ground out 6-3 (Groundball, 6M, EV 104.4 MPH)
|
| Top of the 3rd over - 0 runs, 0 hits, 0 errors, 0 left on base; Hickory 0 - Burlington 0 |
| BOTTOM OF THE 3RD |
|
Burlington Bees batting - Pitching for Hickory Crawdads : RHP Dan Dill
|
|
Batting: SHB David Vigo
|
0-0: Ball 1-0: Foul Ball, location: 2F 1-1: Ball 2-1: Foul Ball, location: 2F 2-2: Ground out 5-3 (Groundball, 56, EV 86.9 MPH)
|
|
Batting: RHB Dan Myers
|
0-0: Ball 1-0: Swinging Strike 1-1: Foul Ball, location: 2F 1-2: Ball 2-2: Strikes out swinging, 2-3 out at first.
|
|
Batting: RHB Malachi Ephron
|
0-0: Ground out 6-3 (Groundball, 56, EV 86.2 MPH)
|
| Bottom of the 3rd over - 0 runs, 0 hits, 0 errors, 0 left on base; Hickory 0 - Burlington 0 |
| TOP OF THE 4TH |
|
Hickory Crawdads batting - Pitching for Burlington Bees : RHP Jon Trujillo
|
|
Batting: RHB Danny Murillo
|
0-0: Ball 1-0: Ball 2-0: Foul Ball, location: 2F 2-1: Foul Ball, location: 2F 2-2: Ball 3-2: Strikes out looking
|
|
Batting: LHB Alfonso Collazo
|
0-0: Ball 1-0: Called Strike 1-1: Called Strike 1-2: Ground out U3 (Groundball, 34, EV 85.0 MPH)
|
|
Batting: RHB Mike Thornton
|
0-0: Ball 1-0: Foul Ball, location: 2F 1-1: Ball 2-1: Swinging Strike 2-2: Ball 3-2: Foul Ball, location: 2F 3-2: Strikes out swinging
|
| Top of the 4th over - 0 runs, 0 hits, 0 errors, 0 left on base; Hickory 0 - Burlington 0 |
| BOTTOM OF THE 4TH |
|
Burlington Bees batting - Pitching for Hickory Crawdads : RHP Dan Dill
|
|
Batting: RHB Ivan Barrientos
|
0-0: Called Strike 0-1: Called Strike 0-2: Ball 1-2: Fly out, F7 (Flyball, 78M, EV 84.4 MPH)
|
|
Batting: LHB Pavla Markianov
|
0-0: Ball 1-0: Called Strike 1-1: SINGLE (Groundball, 6MD, EV 105.6 MPH)
|
|
Batting: LHB Ramon Garduno
|
0-0: Called Strike 0-1: Foul Ball, location: 2F 0-2: Ball 1-2: Strikes out swinging
|
|
Batting: SHB Danny Gelinas
|
0-0: Ball Pavla Markianov is caught stealing 2nd base 2-6
|
| Bottom of the 4th over - 0 runs, 1 hit, 0 errors, 0 left on base; Hickory 0 - Burlington 0 |
| TOP OF THE 5TH |
|
Hickory Crawdads batting - Pitching for Burlington Bees : RHP Jon Trujillo
|
|
Batting: RHB Dermott Neill
|
0-0: Called Strike 0-1: Called Strike 0-2: Ball 1-2: SINGLE (Flyball, 6MD, EV 90.0 MPH)
|
|
DELAY
|
Rain delay of 57 minutes in the 5th inning.
|
|
Batting: RHB Aaron Graham
|
0-0: Ball 1-0: Ball 2-0: Swinging Strike 2-1: Grounds into double play, 6-4-3 (Groundball, 6, EV 104.4 MPH)
|
|
Pitching: RHP Chris Adams
|
|
|
Batting: RHB Jose Pineda
|
0-0: Ball 1-0: Ball 2-0: Ball 3-0: Called Strike 3-1: Ground out 6-3 (Groundball, 56, EV 104.4 MPH)
|
| Top of the 5th over - 0 runs, 1 hit, 0 errors, 0 left on base; Hickory 0 - Burlington 0 |
| BOTTOM OF THE 5TH |
|
Burlington Bees batting - Pitching for Hickory Crawdads : RHP Dan Dill
|
|
Batting: SHB Danny Gelinas
|
0-0: Called Strike 0-1: Ball 1-1: Ball 2-1: Foul Ball, location: 2F 2-2: Ball 3-2: SINGLE (Line Drive, 4MD, EV 105.6 MPH)
|
|
Batting: RHB Peter Westover
|
0-0: Ball 1-0: Called Strike 1-1: Ball 2-1: Ball 3-1: Foul Ball, location: 2F 3-2: Foul Ball, location: 2F 3-2: SINGLE (Groundball, 4MD, EV 96.9 MPH) Danny Gelinas to second
|
|
Batting: RHB Rory Cobb
|
0-0: Called Strike 0-1: Ball 1-1: Foul Ball, location: 2F 1-2: Foul Ball, location: 2F 1-2: Foul Ball, location: 2F 1-2: Ball 2-2: SINGLE (Groundball, 34D, EV 103.8 MPH) Danny Gelinas to third Peter Westover to second
|
|
Batting: SHB David Vigo
|
0-0: Ball 1-0: Ball 2-0: Called Strike 2-1: Foul Ball, location: 2F 2-2: Foul Ball, location: 2F 2-2: Hit by Pitch Danny Gelinas scores Peter Westover to third Rory Cobb to second
|
|
Batting: RHB Dan Myers
|
0-0: Ball 1-0: Grounds into double play, 6-4-3 (Groundball, 6, EV 80.0 MPH) Peter Westover scores Rory Cobb to third
|
|
Batting: RHB Malachi Ephron
|
0-0: Swinging Strike 0-1: Ball 1-1: Swinging Strike 1-2: Strikes out looking
|
| Bottom of the 5th over - 2 runs, 3 hits, 0 errors, 1 left on base; Hickory 0 - Burlington 2 |
| TOP OF THE 6TH |
|
Hickory Crawdads batting - Pitching for Burlington Bees : RHP Chris Adams
|
|
Batting: RHB Eduardo Chavez
|
0-0: Ball 1-0: Foul Ball, location: 2F 1-1: Ball 2-1: Swinging Strike 2-2: Ball 3-2: Foul Ball, location: 2F 3-2: Foul Ball, location: 2F 3-2: Strikes out swinging
|
|
Batting: RHB Edwin Soto
|
0-0: Called Strike 0-1: Ground out 3-1 (Groundball, 34, EV 78.1 MPH)
|
|
Batting: RHB Roberto Rodriguez
|
0-0: Ball 1-0: Called Strike 1-1: Swinging Strike 1-2: Ball 2-2: Foul Ball, location: 2F 2-2: Fly out, F7 (Flyball, 7D, EV 101.2 MPH)
|
| Top of the 6th over - 0 runs, 0 hits, 0 errors, 0 left on base; Hickory 0 - Burlington 2 |
| BOTTOM OF THE 6TH |
|
Burlington Bees batting - Pitching for Hickory Crawdads : RHP Dan Dill
|
|
Batting: RHB Ivan Barrientos
|
0-0: Ball 1-0: Called Strike 1-1: Swinging Strike 1-2: Foul Ball, location: 2F 1-2: DOUBLE (Line Drive, 7LS, EV 106.2 MPH)
|
|
Batting: LHB Pavla Markianov
|
0-0: Called Strike 0-1: Ball 1-1: Foul Ball, location: 2F 1-2: SINGLE (Line Drive, 78S, EV 102.5 MPH) Ivan Barrientos to third
|
|
Batting: LHB Ramon Garduno
|
0-0: Ball Pavla Markianov steals 2nd base 1-0: Intentional Walk
|
|
Batting: SHB Danny Gelinas
|
0-0: Fly out, F8 (Line Drive, 8LM, EV 91.2 MPH)
|
|
Batting: RHB Peter Westover
|
0-0: Ball 1-0: DOUBLE (Line Drive, 78XD, EV 107.5 MPH) Ivan Barrientos scores Pavla Markianov scores Ramon Garduno to third
|
|
Batting: RHB Rory Cobb
|
0-0: Ball 1-0: Ball 2-0: SINGLE (Groundball, 6D, EV 96.9 MPH) Ramon Garduno scores Peter Westover to third
|
|
Batting: SHB David Vigo
|
0-0: Called Strike 0-1: Ball Rory Cobb steals 2nd, throwing error, E2 Peter Westover scores Rory Cobb to third 1-1: Ball 2-1: Ball 3-1: Called Strike 3-2: Ground out 4-3 (Groundball, 4, EV 95.6 MPH) Rory Cobb scores
|
|
Batting: RHB Dan Myers
|
0-0: Ball 1-0: Called Strike 1-1: Foul Ball, location: 2F 1-2: Ball 2-2: Strikes out swinging
|
| Bottom of the 6th over - 5 runs, 4 hits, 1 error, 0 left on base; Hickory 0 - Burlington 7 |
| TOP OF THE 7TH |
|
Hickory Crawdads batting - Pitching for Burlington Bees : RHP Chris Adams
|
|
Pinch Hitting: RHB Austin Mickelson
|
0-0: Ball 1-0: Foul Ball, location: 2F 1-1: Fly out, F9 (Flyball, 89M, EV 90.6 MPH)
|
|
Batting: LHB Alfonso Collazo
|
0-0: Ball 1-0: Ball 2-0: Called Strike 2-1: Foul Ball, location: 2F 2-2: Strikes out looking
|
|
Batting: RHB Mike Thornton
|
0-0: Called Strike 0-1: Swinging Strike 0-2: Ball 1-2: Foul Ball, location: 2F 1-2: Ball 2-2: Ball 3-2: Base on Balls
|
|
Pinch Hitting: RHB Dennis Daniels
|
0-0: Ball 1-0: Foul Ball, location: 2F 1-1: Ball 2-1: Swinging Strike 2-2: Fly out, F9 (Line Drive, 89D, EV 97.5 MPH)
|
| Top of the 7th over - 0 runs, 0 hits, 0 errors, 1 left on base; Hickory 0 - Burlington 7 |
| BOTTOM OF THE 7TH |
|
Burlington Bees batting - Pitching for Hickory Crawdads : RHP Dan Dill
|
|
Pitching: RHP Matt Sigurdson
|
|
|
Now at 1B: Matt Purke Jr.
|
|
|
Now in CF: Roberto Rodriguez
|
|
|
Now in RF: Austin Mickelson
|
|
|
Batting: RHB Malachi Ephron
|
0-0: Foul Ball, location: 2F 0-1: Foul Ball, location: 2F 0-2: Foul Ball, location: 2F 0-2: DOUBLE (Groundball, 5L, EV 105.0 MPH)
|
|
Batting: RHB Ivan Barrientos
|
0-0: Called Strike 0-1: Foul Ball, location: 2F 0-2: SINGLE (Groundball, 56D, EV 93.8 MPH) Malachi Ephron to third
|
|
Pinch Hitting: RHB Scott Webb
|
0-0: Ball 1-0: Called Strike Ivan Barrientos is caught stealing 2nd base 2-4 1-1: Ball 2-1: Called Strike 2-2: Strikes out swinging
|
|
Pinch Hitting: LHB Matthew Bale
|
0-0: Called Strike 0-1: Swinging Strike 0-2: Strikes out looking
|
| Bottom of the 7th over - 0 runs, 2 hits, 0 errors, 1 left on base; Hickory 0 - Burlington 7 |
| TOP OF THE 8TH |
|
Hickory Crawdads batting - Pitching for Burlington Bees : RHP Chris Adams
|
|
Now at 1B: Matthew Bale
|
|
|
Now at 2B: Scott Webb
|
|
|
Batting: RHB Aaron Graham
|
0-0: Called Strike 0-1: Ball 1-1: Ball 2-1: Swinging Strike 2-2: Foul Ball, location: 2F 2-2: Strikes out swinging
|
|
Batting: RHB Jose Pineda
|
0-0: Ball 1-0: Ball 2-0: SINGLE (Groundball, 34D, EV 106.9 MPH)
|
|
Batting: RHB Eduardo Chavez
|
0-0: Ball 1-0: Foul Ball, location: 2F 1-1: Called Strike 1-2: Fielders Choice at 2nd, 5-4 (Groundball, 56S, EV 82.5 MPH)
|
|
Batting: RHB Edwin Soto
|
0-0: Called Strike 0-1: Ball 1-1: Swinging Strike 1-2: DOUBLE (Flyball, 78D, EV 111.2 MPH) Eduardo Chavez to third Runner from 3rd tries for Home, SAFE, throw by LF to trailing runner, SAFE at third!
|
|
Batting: RHB Roberto Rodriguez
|
0-0: Ball 1-0: Foul Ball, location: 2F 1-1: Ball 2-1: Hit by Pitch
|
|
Batting: RHB Austin Mickelson
|
0-0: Ball 1-0: Fielders Choice at 2nd, 6-4 (Groundball, 6, EV 86.9 MPH)
|
| Top of the 8th over - 1 run, 2 hits, 0 errors, 2 left on base; Hickory 1 - Burlington 7 |
| BOTTOM OF THE 8TH |
|
Burlington Bees batting - Pitching for Hickory Crawdads : RHP Matt Sigurdson
|
|
Batting: SHB Danny Gelinas
|
0-0: Ball 1-0: Called Strike 1-1: Ball 2-1: Ball 3-1: SINGLE (Groundball, 4MD, EV 101.2 MPH)
|
|
Batting: RHB Peter Westover
|
0-0: Called Strike 0-1: Ball 1-1: Ball 2-1: Ball 3-1: Base on Balls Danny Gelinas to second
|
|
Batting: RHB Rory Cobb
|
0-0: Ball 1-0: Foul Ball, location: 2F 1-1: Ball 2-1: Grounds into double play, 4-6-3 (Groundball, 34D, EV 83.8 MPH) Danny Gelinas to third
|
|
Batting: SHB David Vigo
|
0-0: Ball 1-0: Called Strike 1-1: Swinging Strike 1-2: Foul Ball, location: 2F 1-2: Strikes out swinging
|
| Bottom of the 8th over - 0 runs, 1 hit, 0 errors, 1 left on base; Hickory 1 - Burlington 7 |
| TOP OF THE 9TH |
|
Hickory Crawdads batting - Pitching for Burlington Bees : RHP Chris Adams
|
|
Batting: LHB Alfonso Collazo
|
0-0: Called Strike 0-1: Ground out 4-3 (Groundball, 4, EV 84.4 MPH)
|
|
Batting: RHB Mike Thornton
|
0-0: Ball 1-0: Foul Ball, location: 2F 1-1: Swinging Strike 1-2: Foul Ball, location: 2F 1-2: Foul Ball, location: 2F 1-2: Ball 2-2: Ground out 4-3 (Groundball, 4, EV 105.0 MPH)
|
|
Batting: LHB Matt Purke Jr.
|
0-0: Ground out U3 (Groundball, 34, EV 86.9 MPH)
|
| Top of the 9th over - 0 runs, 0 hits, 0 errors, 0 left on base; Hickory 1 - Burlington 7 |
|